 Dungeon Crawl Stone Soup version 0.30-a0-1074-g5db6f66fbb (webtiles) character file.

Game seed: 12043929950892419931

39 IdlyInterested the Trooper (level 3, 0/29 HPs)
             Began as a Demonspawn Gladiator on Apr 13, 2023.
             Killed by nerve-wracking pain
             ... invoked by Jessica
              (4 damage)
             ... on level 2 of the Dungeon.
             The game lasted 00:02:49 (1100 turns).

IdlyInterested the Trooper (Demonspawn Gladiator)   Turns: 1100, Time: 00:02:50

Health: 0/29       AC:  7    Str: 14    XL:     3   Next: 26%
Magic:  3/3        EV: 10    Int:  9    God:
Gold:   34         SH:  0    Dex: 16    Spells: 2/2 levels left

rFire   . . .      SeeInvis .    a - +0 rapier
rCold   . . .      Faith    .    (no shield)
rNeg    . . .      Spirit   .    l - +0 scale mail
rPois   .          Reflect  .    c - +0 helmet
rElec   .          Rampage  .    (no cloak)
rCorr   .                        (no gloves)
Will    .....                    (no boots) Stlth
                                 (no amulet)
HPRegen 0.24/turn                (no ring)
MPRegen 0.08/turn                (no ring)

@: no status effects
A: claws 1, foul stench 1
a: no special abilities


You were on level 2 of the Dungeon.
You visited 1 branch of the dungeon, and saw 2 of its levels.

You collected 34 gold pieces.

Inventory:

Hand Weapons
 a - a +0 rapier (weapon)
Missiles
 b - 8 stones
 d - 3 throwing nets
 e - a javelin
 i - 3 poisoned darts (quivered)
Armour
 c - a +0 helmet (worn)
 l - a +0 scale mail (worn)
Scrolls
 f - a scroll of torment {unknown}
 j - a scroll of fear {unknown}
 k - a scroll of enchant weapon {unknown}
Potions
 h - a potion of invisibility


   Skills:
 + Level 3.3 Fighting
 - Level 2.6 Short Blades
 - Level 2.0 Throwing
 - Level 3.0 Dodging
 * Level 0.1 Unarmed Combat


You had 2 spell levels left.
You didn't know any spells.
Your spell library contained the following spells:

 Spells                   Type           Power      Damage    Failure   Level
 Lesser Beckoning         Tloc           0%         N/A       95%         2
 Gell's Gravitas          Tloc           0%         N/A       99%         3
 Teleport Other           Tloc           0%         N/A       99%         3


Dungeon Overview and Level Annotations

Branches:
Dungeon (2/15)

Altars:

Annotations:
D:2 Jessica


Innate Abilities, Weirdness & Mutations

You have sharp fingernails.
You may rarely emit foul miasma when damaged in melee.


Message History

Jessica hits you with a +0 dagger.
The frilled lizard bites you but does no damage.
Jessica shouts, "You are a ghastly nuisance!"
Jessica hits you with a +0 dagger.
* * * LOW HITPOINT WARNING * * *
You closely miss Jessica.
Jessica is severely wounded.
Jessica barely misses you. The frilled lizard misses you.
You hit Jessica.
Jessica is almost dead.
Jessica hits you but does no damage. The frilled lizard misses you.
Jessica barely misses you.
You hit Jessica but do no damage.
Jessica is severely wounded.
Jessica barely misses you.
The frilled lizard bites you but does no damage.
Jessica shouts, "You're disturbing me!
I'll have to kill you!"
Jessica mumbles some strange words.
Jessica blinks!
You miss the frilled lizard.
The frilled lizard bites you but does no damage.
Jessica mumbles some strange words.
Jessica blinks!
The frilled lizard barely misses you.
You barely miss the frilled lizard.
The frilled lizard bites you but does no damage.
You closely miss Jessica.
Jessica is severely wounded.
Jessica hits you with a +0 dagger.
* * * LOW HITPOINT WARNING * * *
Jessica hits you but does no damage. The frilled lizard closely misses you.
You hit Jessica.
Jessica is almost dead.
Jessica hits you but does no damage. The frilled lizard barely misses you.
You closely miss Jessica.
Jessica is almost dead.
Jessica points at you and mumbles some strange words.
You resist with some effort. Jessica gestures at you while chanting.
Pain shoots through your body!
You die...

#.###########.#
#.............#
#####.......#.#
###.#####.#.# ###
#>........#.######..
#...................
#.#.....#.#.........
#.#@....#.########..
#.#@#####.. #..
#+#l# #.## #..
#.......# #.# #..
#.......# #.# #..
#.......# #.# ###
###+#)... ######


You could see Jessica (fast) and a frilled lizard.

Vanquished Creatures
  An adder (D:2)
  4 endoplasms
  2 giant cockroaches (D:1)
  A goblin (D:2)
  A hobgoblin (D:1)
  3 jackals (D:2)
  A kobold (D:1)
  2 quokkas (D:1)
  5 ball pythons
  2 bats
  5 rats
27 creatures vanquished.

Notes
Turn   | Place    | Note
-------+----------+-------------------------------------------
     0 | D:1      | IdlyInterested the Demonspawn Gladiator began the quest for
                  | the Orb.
     0 | D:1      | Reached XP level 1. HP: 16/16 MP: 1/1
   175 | D:1      | Gained mutation: You may rarely emit foul miasma when
                  | damaged in melee. [demonic ancestry]
   175 | D:1      | Reached XP level 2. HP: 16/23 MP: 2/2
   949 | D:2      | Gained mutation: You have sharp fingernails. [demonic
                  | ancestry]
   949 | D:2      | Reached XP level 3. HP: 25/29 MP: 3/3
  1083 | D:2      | Noticed Jessica
  1100 | D:2      | Killed from afar by Jessica

Illustrated notes

Levels and vault maps discovered:
D:1:      shiori_shiawase, layout_loops_ring, minmay_misc_feat_roman,
          nicolae_figureground_pulse
D:2:      layout_basic, chequers_serial_rivers_micro_a, uniq_jessica,
          uniq_crazy_yiuf_cottage

Skill      XL: |  1  2 |
---------------+-------+-----
Dodging        | 3 |  3.0
Fighting       | 3 |  3.3
Throwing       | 2 |  2.0
Short Blades   | |  2.6
Unarmed Combat | |  0.1

Action                     || total
---------------------------++-------
  Melee: Rapier            ||   101
    Use: Scroll            ||     2
   Stab: Sleeping          ||     1
 Armour: Leather armour    ||    15
         Ring mail         ||    15
         Scale mail        ||    12
  Dodge: Dodged            ||    80
  Block: Kite shield       ||     2

Table legend: (Time is in decaauts)
 A = Elapsed time spent in this place.
 B = Non-inter-level travel time spent in this place.
 C = Inter-level travel time spent in this place.
 D = Time resting spent in this place.
 E = Time spent auto-exploring this place.
 F = Levels seen in this place.
 G = Mean time per level.
                   A        B        C        D        E       F      G
               +--------+--------+--------+--------+--------+-----+--------+
         Total |   1108 |   1021 |     87 |     83 |    654 |   2 |  554.0 |
       Dungeon |   1108 |   1021 |     87 |     83 |    654 |   2 |  554.0 |
               +--------+--------+--------+--------+--------+-----+--------+

Top non-repeatable levels by time:
     D:1: 843 daAuts
     D:2: 264 daAuts
